 Dungeon Crawl Stone Soup version 0.32-a0-38-gb04dd89b9b (webtiles) character file.

Game seed: 9273475028555203812

513 RolfKuk the Slasher (level 7, 0/61 HPs)
             Began as a Hill Orc Monk on Jan 23, 2024.
             Was a Believer of Trog (penitent).
             Slain by a black bear (1 damage)
             ... created by the rage of Trog
             ... on level 5 of the Dungeon.
             The game lasted 00:13:43 (2839 turns).

RolfKuk the Slasher (Hill Orc Monk)                 Turns: 2839, Time: 00:13:44

Health: 0/61       AC:  3    Str: 14    XL:     7   Next: 19%
Magic:  7/7        EV: 12    Int: 10    God:    Trog [**....]
Gold:   149        SH:  0    Dex: 15    Spells: 6/6 levels left

rFire   + . .        q - +2 flail (venom)
rCold   . . .        d - orb {light}
rNeg    . . .        f - +0 leather armour {rF+}
rPois   .            (no helmet)
rElec   .            (no cloak)
rCorr   .            (no gloves)
SInv    .            (no boots)
Will    .....        m - amulet of the acrobat
Stlth   +            l - ring of wizardry
HPRegen 0.30/turn    (no ring)
MPRegen 0.10/turn

%: acrobat, wizardry (x1)
@: slowed, glowing, very slow
A: no striking features
a: Renounce Religion


You were on level 5 of the Dungeon.
You worshipped Trog.
Trog was demanding penance.
You visited 1 branch of the dungeon, and saw 5 of its levels.

You collected 149 gold pieces.

Inventory:

Hand Weapons
 a - a +2 falchion
 q - a +2 flail of venom (weapon)
Armour
 d - an orb of light (worn)
 f - a +0 leather armour of fire resistance (worn)
Jewellery
 l - a ring of wizardry (left hand)
 m - an amulet of the acrobat (around neck)
Talismans
 i - a flux talisman
Scrolls
 b - a scroll of fog
 j - a scroll of identify
 n - a scroll of enchant weapon
Potions
 c - 2 potions of ambrosia
 e - a potion of attraction {unknown}
 g - a potion of heal wounds {unknown}
 h - 4 potions of haste
 k - a potion of enlightenment {unknown}
 p - a potion of degeneration {unknown}
 s - 2 potions of resistance {unknown}
 t - 2 potions of curing
 v - 2 potions of brilliance


   Skills:
 + Level 5.2 Fighting
 + Level 5.8 Long Blades
 + Level 3.0 Maces & Flails
 + Level 2.5 Armour
 + Level 3.3 Dodging
 + Level 0.5 Stealth


You had 6 spell levels left.
You didn't know any spells.
Your spell library contained the following spells:

 Spells                   Type           Power      Damage    Failure   Level
 Kiss of Death            Conj/Necr      0%         2d5       19%         1
 Shock                    Conj/Air       0%         1d3       19%         1
 Slow                     Hex            0%         N/A       19%         1
 Confusing Touch          Hex            0%         N/A       45%         3
 Frozen Ramparts          Ice            0%         1d1       45%         3
 Sigil of Binding         Hex            0%         N/A       45%         3
 Swiftness                Air            0%         N/A       45%         3
 Vampiric Draining        Necr           0%         2d6       45%         3
 Airstrike                Air            0%         2d(0-16)  86%         4
 Dispel Undead            Necr           0%         3d6       86%         4
 Leda's Liquefaction      Alch/Erth      0%         N/A       86%         4
 Petrify                  Alch/Erth      0%         N/A       86%         4
 Metabolic Englaciation   Hex/Ice        0%         N/A       99%         5


Dungeon Overview and Level Annotations

Branches:
Dungeon (5/15)
 Temple: D:4-7

Altars:
Trog
Vehumet


Message History

A gnoll comes into view. It is wielding a +0 club.
The gnoll misses you.
An orc comes into view. It is wielding a +0 hand axe.
As you read the scroll of teleportation, it crumbles to dust.
You feel strangely unstable.
The gnoll hits you from afar with a +0 spear!
* * * LOW HITPOINT WARNING * * *
The gnoll sergeant attacks as it pursues you!
The gnoll sergeant closely misses you. The gnoll attacks as it pursues you!
The gnoll barely misses you.
Your surroundings suddenly seem different.
You start resting.
Trog sends monsters to punish you.
The divine experience drains your vigour!
You feel yourself slow down. 6 black bears come into view.
You hit the black bear.
The black bear is poisoned.
The black bear is lightly wounded.
You sock the black bear!
The black bear is moderately wounded.
The black bear completely misses you. The black bear claws you.
The black bear barely misses you.
The black bear rages.
The black bear barely misses you. The black bear claws you. x2
The black bear bites you. The black bear claws you. x2
* * * LOW HITPOINT WARNING * * *
The black bear bites you.
* * * LOW HITPOINT WARNING * * *
The black bear barely misses you. x2
The black bear bites you but does no damage.
The black bear claws you.
* * * LOW HITPOINT WARNING * * *
The black bear claws you.
* * * LOW HITPOINT WARNING * * *
The black bear bites you!
* * * LOW HITPOINT WARNING * * *
The black bear claws you.
* * * LOW HITPOINT WARNING * * *
The black bear claws you.
You die...

#+ #..
#.# ##
#.# #.
# #h#
.#.#
#h#h.#
#@#
##h#
#h#
#.#
#.#
#..
..# .#


You could see 5 black bears.

Vanquished Creatures
  Grinder (D:4)
  An ogre (D:5)
  2 sleepcaps (D:5)
  7 adders
  2 gnolls
  2 ufetubi (D:5)
  4 ribbon worms
  6 orcs
  6 endoplasms
  2 giant cockroaches (D:3)
  10 goblins
  4 hobgoblins
  3 jackals (D:4)
  6 kobolds
  3 quokkas
  6 ball pythons
  4 bats
  3 frilled lizards
  5 rats
77 creatures vanquished.

Notes
Turn   | Place    | Note
-------+----------+-------------------------------------------
     0 | D:1      | RolfKuk the Hill Orc Monk began the quest for the Orb.
     0 | D:1      | Reached XP level 1. HP: 19/19 MP: 1/1
    67 | D:1      | Reached XP level 2. HP: 19/27 MP: 2/2
    87 | D:1      | Learned a level 1 spell: Kiss of Death
   552 | D:1      | You fall into a shaft and drop 1 floor!
   570 | D:2      | Reached XP level 3. HP: 32/34 MP: 3/3
   574 | D:2      | Reached skill level 1 in Armour
   601 | D:2      | Found a bloodstained altar of Trog.
   623 | D:2      | Became a worshipper of Trog the Wrathful
   623 | D:2      | Reached * piety under Trog
   623 | D:2      | Reached ** piety under Trog
   883 | D:2      | Reached XP level 4. HP: 23/41 MP: 4/4
  1992 | D:4      | Was placed under penance by Trog
  2000 | D:4      | Reached XP level 5. HP: 45/47 MP: 5/5
  2138 | D:4      | Paralysed by Trog for 6 turns
  2164 | D:4      | Found a radiant altar of Vehumet.
  2267 | D:4      | Noticed a black bear
  2391 | D:4      | Noticed Grinder
  2399 | D:4      | Reached skill level 5 in Long Blades
  2419 | D:4      | Killed Grinder
  2420 | D:4      | Reached skill level 5 in Fighting
  2420 | D:4      | Reached skill level 1 in Maces & Flails
  2420 | D:4      | Reached XP level 6. HP: 28/56 MP: 6/6
  2747 | D:5      | Entered Level 5 of the Dungeon
  2766 | D:5      | Reached XP level 7. HP: 20/61 MP: 7/7
  2839 | D:5      | HP: 2/61 [black bear[the rage of Trog] (8)]
  2839 | D:5      | Slain by a black bear

Illustrated notes

Levels and vault maps discovered:
D:1:      dpeg_arrival_rooms_a, layout_loops_cross
D:2:      layout_loops_ring, basic_altar
D:3:      layout_loops_ring
D:4:      minmay_recursive_quarters, layout_loops_ring,
          mainiacjoe_overflow_concentric_impassable, lemuel_doored_altar,
          chequers_serial_rivers_large_b, uniq_grinder
D:5:      minmay_razor_zed, layout_loops_ring, grunt_gozag_statues,
          mainiacjoe_overflow_alcove_4

Skill      XL: |  1  2  3  4  5  6  7 |
---------------+----------------------+-----
Fighting       | 4 5 |  5.2
Armour         | 1 2 |  2.5
Long Blades    | 4 5 |  5.8
Dodging        | 3 |  3.3
Maces & Flails | 1 2 3 |  3.0
Stealth        | |  0.5

Action                     |  1- 3 |  4- 6 |  7- 9 || total
---------------------------+-------+-------+-------++-------
  Melee: Falchion          |    57 |    80 |       ||   137
         Flail             |       |    38 |     5 ||    43
    Use: Scroll            |     4 |    12 |     1 ||    17
 Armour: Leather armour    |    37 |    50 |    15 ||   102
  Dodge: Dodged            |    42 |   110 |     9 ||   161

Table legend: (Time is in decaauts)
 A = Elapsed time spent in this place.
 B = Non-inter-level travel time spent in this place.
 C = Inter-level travel time spent in this place.
 D = Time resting spent in this place.
 E = Time spent auto-exploring this place.
 F = Levels seen in this place.
 G = Mean time per level.
                   A        B        C        D        E       F      G
               +--------+--------+--------+--------+--------+-----+--------+
         Total |   2891 |   2886 |      5 |     52 |   1211 |   5 |  578.2 |
       Dungeon |   2891 |   2886 |      5 |     52 |   1211 |   5 |  578.2 |
               +--------+--------+--------+--------+--------+-----+--------+

Top non-repeatable levels by time:
     D:4: 792 daAuts
     D:2: 738 daAuts
     D:3: 708 daAuts
     D:1: 554 daAuts
     D:5: 97 daAuts
